Unix NetHack Version 5.0.0-0 post-release - last build May  4 2026 22:22:43 (774f63e81ad911689b3a0859ea89b322d5daca8d,branch:main).

Game began 2026-05-06 07:03:22, ended 2026-05-06 07:30:35.

24620901111, neutral male gnomish Ranger

  --------.-
  |..<..i..|
  |....@e..|
  |........|
  |.........
  ----------

24620901111 the Lookout      St:16 Dx:10 Co:16 In:13 Wi:13 Ch:7  Neutral
Dlvl:4  $:55 HP:0(22) Pw:15(15) AC:7  Xp:3 T:1687 

Latest messages:
 It's solid stone.
 It's solid stone.
 It's solid stone.
 It's solid stone.
 It's solid stone.
 It's solid stone.
 It's a wall.
 It's solid stone.
 It's solid stone.
 It's solid stone.
 It's solid stone.
 It's solid stone.
 It's solid stone.
 It's solid stone.
 It's solid stone.
 It's solid stone.
 It's solid stone.
 It's solid stone.
 There is a staircase down here.
 You descend the stairs.
 There is a staircase up to level 3 here.
 You miss the floating eye.
 You miss the floating eye.
 You hit the floating eye.
 You are frozen by the floating eye's gaze!
 You hear the chime of a cash register.
 The homunculus hurls an orange potion!
 The flask crashes on your head and breaks into shards.
 The orange potion evaporates.
 You feel rather tired.
 The homunculus bites!
 The homunculus bites!
 The homunculus bites!
 The homunculus bites!
 The homunculus bites!
 The homunculus bites!
 The homunculus bites!
 The homunculus bites!
 The homunculus bites!
 The homunculus bites!
 The homunculus bites!
 The homunculus bites!
 The homunculus bites!
 The homunculus bites!
 You die...
 Do you want your possessions identified? [ynq] (y) y
 Do you want to see your attributes? [ynq] (y) y
 Do you want an account of creatures vanquished? [ynaq] (y) y
 Do you want to see your conduct and achievements? [ynq] (y) y
 Do you want to see the dungeon overview? [ynq] (y) y

Inventory:
 Coins    ('$')
  $ - 55 gold pieces
 Weapons  (')')
  c - 50 +2 crossbow bolts (in quiver pouch)
  d - 36 +0 crossbow bolts
  a - a +1 dagger (weapon in right hand)
 Armor    ('[')
  e - an uncursed +2 cloak of displacement (being worn)
 Comestibles  ('%')
  f - 5 uncursed cram rations
  g - an uncursed eucalyptus leaf
  i - an uncursed fortune cookie
  h - an uncursed tin of szechuan lichen
  m - an uncursed acid blob corpse
  l - an uncursed lichen corpse
 Gems/Stones  ('*')
  n - an uncursed worthless piece of violet glass

24620901111 the Ranger's attributes:

Background:
 You were a Lookout, a level 3 male gnomish Ranger.
 You were neutral, nominally on a mission for Venus
 who was opposed by Mercury (lawful) and Mars (chaotic).
 You were right-handed.
 You were in the Dungeons of Doom, on level 4.
 You entered the dungeon 1687 turns ago.
 You had 51 experience points, 29 more were needed to attain level 4.

Basics:
 You had 0 out of 22 hit points.
 You had all 15 energy points (spell power).
 Your armor class was 7.
 Your wallet contained 55 zorkmids.
 Autopickup was off.

Final Characteristics:
 Your strength was 16 (limit:18/50).
 Your dexterity was 10 (limit:18).
 Your constitution was 16 (limit:18).
 Your intelligence was 13 (limit:19).
 Your wisdom was 13 (limit:18).
 Your charisma was 7 (limit:18).

Final Status:
 You weren't hungry.
 You were unencumbered.
 You were wielding a dagger.
 You had basic skill with dagger.

Final Attributes:
 You were devoutly aligned.
 You had automatic searching.
 You had infravision.
 You were warded.
 You are dead.

Miscellaneous:
 You didn't encounter any bones levels.
 Total elapsed playing time was 27 minutes and 11 seconds.

Major events:
 Turn
    1: 24620901111 the neutral male gnomish Ranger entered the dungeon
 1565: attained the rank of Lookout (level 3)
 1687: killed by a homunculus, while sleeping off a magical draught

You didn't know any spells.

Skills:
 Fighting Skills
   bare handed combat [Unskilled]
   riding             [Unskilled]
 Weapon Skills
   dagger             [Basic]
   knife              [Unskilled]
   axe                [Unskilled]
   pick-axe           [Unskilled]
   short sword        [Unskilled]
   morning star       [Unskilled]
   flail              [Unskilled]
   hammer             [Unskilled]
   quarterstaff       [Unskilled]
   polearms           [Unskilled]
   spear              [Unskilled]
   trident            [Unskilled]
   bow                [Unskilled]
   sling              [Unskilled]
   crossbow           [Basic]
   dart               [Unskilled]
   shuriken           [Unskilled]
   boomerang          [Unskilled]
   whip               [Unskilled]
 Spellcasting Skills
   healing spells     [Unskilled]
   divination spells  [Unskilled]
   escape spells      [Unskilled]

Voluntary challenges:
 Character rerolling was not enabled.
 You were an atheist.
 You were illiterate.
 You never genocided any monsters.
 You never polymorphed an object.
 You never changed form.
 You used no wishes.
Achievements:
 You entered a shop.
 You attained the rank of Lookout.

 The Dungeons of Doom: levels 1 to 4
    Level 1:
       A fountain.
    Level 2:
       A general store, an altar, a fountain.
    Level 3:
    Level 4: <- You were here.
       Final resting place for
          you, killed by a homunculus, while sleeping off a magical draught.
 The Tutorial:
    Level 1:


Vanquished creatures:
  a shrieker
  2 acid blobs
  2 coyotes
  2 geckos
  2 jackals
  a fox
  2 goblins
  a grid bug
  2 lichens
  3 kobold zombies
  2 newts
20 creatures vanquished.

No species were genocided or became extinct.

Game over:
                       ----------
                      /          \
                     /    REST    \
                    /      IN      \
                   /     PEACE      \
                  /                  \
                  |   24620901111    |
                  |      55 Au       |
                  |   killed by a    |
                  |    homunculus    |
                  |                  |
                  |                  |
                  |       2026       |
                 *|     *  *  *      | *
        _________)/\\_//(\/(/\)/\//\/|_)_______

Goodbye 24620901111 the Ranger...

You died in The Dungeons of Doom on dungeon level 4 with 404 points,
and 55 pieces of gold, after 1687 moves.
You were level 3 with a maximum of 22 hit points when you died.

